 Dungeon Crawl Stone Soup version 0.17.0-28-g6e173f8 (webtiles) character file.

290 dohliylev the Covert (level 6, -13/44 HPs)
             Began as a Vampire Assassin on Nov 22, 2015.
             Killed by divine providence
             ... invoked by an orc priest
              (14 damage)
             ... on level 3 of the Dungeon.
             The game lasted 00:17:25 (1674 turns).

dohliylev the Covert (Vampire Assassin)             Turns: 1674, Time: 00:17:25

Health: -13/44     AC:  4    Str: 10    XL:     6   Next: 9%
Magic:  6/6        EV: 10    Int: 13    God:
Gold:   128        SH:  7    Dex: 18    Spells: 0 memorised, 5 levels left

rFire  . . .     SeeInvis +     A - +2 rapier (speed)
rCold  . . .     Clarity  .     c - +0 robe
rNeg   + . .     SustAt   .     y - +0 shield
rPois  .         Gourm    .     t - +0 helmet
rElec  .         Spirit   .     d - +0 cloak
rCorr  .         Warding  .     (no gloves)
rMut   .         Stasis   .     (no boots)
MR     .....                    z - amulet of faith
Stlth  +++++.....               (no ring)
                                (no ring)

@: about to teleport, not resistant to hostile enchantments, quite stealthy
A: fangs 3, see invisible, unbreathing
a: Bat Form


You were on level 3 of the Dungeon.
You were not thirsty.

You visited 1 branch of the dungeon, and saw 4 of its levels.

You collected 128 gold pieces.

Inventory:

Hand Weapons
 a - a +2 dagger
 b - a +0 blowgun
 A - a +2 rapier of speed (weapon)
Missiles
 e - 40 poisoned needles
 f - 2 curare-tipped needles
 r - 26 arrows
 s - 6 javelins (quivered)
 x - 4 tomahawks
Armour
 c - a +0 robe (worn)
 d - a +0 cloak (worn)
 t - a +0 helmet (worn)
 u - a +0 helmet
 y - a +0 shield (worn)
Jewellery
 z - an amulet of faith (around neck)
Scrolls
 h - 2 scrolls of teleportation
 j - 3 scrolls of immolation {unknown}
 k - 3 scrolls of remove curse {unknown}
 n - a scroll of fear {unknown}
 o - a scroll of random uselessness {unknown}
 p - a scroll of enchant armour {unknown}
 q - 2 scrolls of magic mapping {unknown}
 w - a scroll of identify {unknown}
 C - a scroll of fog {unknown}
Potions
 g - 16 potions of blood
 l - a potion of degeneration {unknown}
 m - 2 potions of haste {unknown}
 v - 2 potions of curing {unknown}
 B - a potion of brilliance {unknown}


   Skills:
 + Level 2.2 Fighting
 + Level 2.9 Short Blades
 * Level 2.9 Throwing
 + Level 1.8 Dodging
 * Level 9.0 Stealth
 + Level 0.6 Shields


You had 5 spell levels left.
You didn't know any spells.

Dungeon Overview and Level Annotations

Branches:
Dungeon (4/15)
 Temple: D:4-7

Altars:
Gozag


Innate Abilities, Weirdness & Mutations

You have razor-sharp teeth.
You have supernaturally acute eyesight.
You can survive without breathing.


Message History

* * * LOW HITPOINT WARNING * * *
You barely miss the orc warrior.
The orc warrior is moderately wounded.
You block the orc's attack.
Drink which item? (? for menu, Esc to quit)
It was a potion of heal wounds.
You feel much better. You block the orc priest's attack.
You block the orc warrior's attack.
As you read the scroll labeled HATTA COICW, it crumbles to dust.
You feel strangely unstable.
It was a scroll of teleportation.
The orc hits you with a mace. You block the orc priest's attack.
The orc warrior hits you with a flail!
* * * LOW HITPOINT WARNING * * *
The orc hits you with a mace.
* * * LOW HITPOINT WARNING * * *
You block the orc priest's attack. The orc warrior hits you with a flail!
* * * LOW HITPOINT WARNING * * *
The orc hits you but does no damage.
The orc priest invokes the aid of Beogh against you.
Something smites you!
You die...

.# .w .# .## ###
>## o.. ..# ..#
##.# #.# ..# ##..#
#.# ..# ##...##
#.# )######.....##
#.#
....##.......###o#
.##......^....oo@#
.##..#.......#o###
...............#
###..###<..#####
.....####.##
####......#
########


You could see an orc warrior, an orc priest and 2 orcs.

Vanquished Creatures
  Sigmund (D:2)
  A giant frog (D:4)
  2 adders (D:3)
  2 worms (D:2)
  A giant gecko (D:1)
  2 orcs (D:3)
  2 giant cockroaches
  4 goblins
  A hobgoblin (D:3)
  4 jackals
  8 kobolds
  2 ball pythons
  3 bats
  A giant newt (D:2)
  8 rats
42 creatures vanquished.

Notes
Turn   | Place    | Note
--------------------------------------------------------------
     0 | D:1      | dohliylev the Vampire Assassin began the quest for the Orb.
     0 | D:1      | Reached XP level 1. HP: 16/16 MP: 1/1
    18 | D:1      | Reached skill level 6 in Stealth
   411 | D:1      | Reached XP level 2. HP: 22/22 MP: 2/2
   789 | D:2      | Found an opulent altar of Gozag.
  1137 | D:2      | Reached XP level 3. HP: 27/27 MP: 3/3
  1225 | D:2      | Noticed Sigmund
  1239 | D:2      | Killed Sigmund
  1239 | D:2      | Reached skill level 8 in Stealth
  1239 | D:2      | Reached XP level 4. HP: 13/33 MP: 4/4
  1239 | D:2      | Reached XP level 5. HP: 14/38 MP: 5/5
  1578 | D:4      | Reached skill level 9 in Stealth
  1578 | D:4      | Reached XP level 6. HP: 31/44 MP: 6/6
  1650 | D:3      | Noticed an orc warrior
  1673 | D:3      | HP: 1/44 [orc warrior/flail (7)]
  1674 | D:3      | Killed from afar by an orc priest

Action                   |  1- 3 |  4- 6 || total
-------------------------+-------+-------++-------
Melee: Dagger            |    25 |       ||    25
       Rapier            |    20 |    42 ||    62
 Fire: Blowgun           |     2 |       ||     2
Throw: Javelin           |     8 |    10 ||    18
       Tomahawk          |     1 |     3 ||     4
  Use: Potion            |       |     3 ||     3
       Scroll            |       |     1 ||     1
 Stab: Sleeping          |    10 |     4 ||    14
